 Dungeon Sprint DCSS version 0.21-a0-81-gc5150db (webtiles) character file.

65 Kidiri the Ruffian (level 3, -3/39 HPs)
             Began as a Troll Monk on June 23, 2017.
             Slain by a water elemental (22 damage)
             ... in the Dungeon (Sprint III: "The Ten Rune Challenge").
             The game lasted 00:01:43 (243 turns).

Kidiri the Ruffian (Troll Monk)                      Turns: 243, Time: 00:01:44

Health: -3/39      AC:  5    Str: 21    XL:     3   Next: 92%
Magic:  2/2        EV: 11    Int:  6    God:
Gold:   30         SH:  0    Dex: 13    Spells: 2/2 levels left

rFire    . . .     SeeInvis .     - Unarmed
rCold    . . .     Gourm    +   (no shield)
rNeg     . . .     Faith    .   a - +0 robe
rPois    .         Spirit   .   (helmet restricted)
rElec    .         Reflect  .   (no cloak)
rCorr    .         Harm     .   (gloves unavailable)
MR       .....     Clarity  +   (boots unavailable) Stlth ++........NoTele +
                                (no amulet)
HPRegen  0.53/turn              (no ring)
MPRegen  0.08/turn              (no ring)

@: no status effects
A: unfitting armour, claws 3, clarity, fast metabolism 3, gourmand, regeneration
1, shaggy fur 1, strong 1, tough skin 2, subdued magic 1
a: no special abilities


You were in the Dungeon.
You were very full.

You visited 1 branch You collected 30 gold pieces.

Inventory:

Armour
 a - a +0 robe (worn)
Scrolls
 h - a scroll of blinking
 i - 2 scrolls of immolation
 j - a scroll of fog
 l - 3 scrolls of remove curse
Potions
 c - a potion of curing
 e - a potion of haste
 f - 2 potions of magic
 g - 2 potions of mutation
 n - 3 potions of flight
 p - a potion of ambrosia
Comestibles
 b - 2 bread rations
 m - a meat ration
 o - a royal jelly


   Skills:
 * Level 3.8 Fighting
 + Level 1.7 Armour
 * Level 3.8 Dodging
 * Level 2.3 Stealth
 * Level 4.7 Unarmed Combat


You had 2 spell levels left.
You didn't know any spells.

Dungeon Overview and Level Annotations

Branches:
Dungeon (1/1)

Altars:


Innate Abilities, Weirdness & Mutations

You are too large for most types of armour.
You have claws for hands.
Your metabolism is lightning-fast.
You like to eat raw meat.
Your natural rate of healing is unusually fast.
You are covered in fur. (AC +1)
You have very tough skin. (AC +2)
You possess an exceptional clarity of mind.
Your muscles are strong. (Str +2)
Your spells are a little easier to cast, but a little less powerful.


Message History

The water elemental hits you!
The water elemental engulfs you in water!
You barely miss the water elemental.
The water elemental is severely damaged.
Your lungs strain for air!
The water elemental hits you.
You are too injured to fight recklessly!
You are too injured to fight recklessly!
Unknown command.
With effort, you pull free of the water engulfing you.
You gasp with relief as air once again reaches your lungs.
The water elemental misses you.
Unknown command.
You scratch the water elemental but do no damage.
The water elemental is severely damaged.
You completely miss the water elemental.
The water elemental is severely damaged.
The water elemental hits you!!
Ouch! That really hurt!
You die...

▓▓▓▓▓▓▓▓▓ ▓▓▓ ▓<..#...####
##.# ▓...#......#####..#
▓..##.......#..#..#
▓##.##.##...#..#..###+#+##
##.##.###..##+#..#.......
▓#.####.##..###...'.⌠.....
▓.###..##..####.@E#...####
▓#.....##..###....#.⌠.#
###..##)..##.....#...#
##..##....#......#+###
#..###..##÷#.....# #..#
#..#####....# ▓▓▓▓ ▓▓▓▓
▓▓▓▓▓▓


You could see a water elemental.

Vanquished Creatures
  Jessica (D)
  A human (D)
  A wolf (D)
  An ooze (D)
  2 rats (D)
6 creatures vanquished.

Vanquished Creatures (others)
  2 draconian scorchers (D)
  4 hellions (D)
6 creatures vanquished.

Grand Total: 12 creatures vanquished

Notes
Turn   | Place    | Note
-------+----------+-------------------------------------------
     0 | D        | Kidiri the Troll Monk began the quest for the Orb.
     0 | D        | Reached XP level 1. HP: 22/22 MP: 0/0
    51 | D        | Noticed Jessica
    57 | D        | Killed Jessica
    57 | D        | Reached skill level 1 in Armour
    57 | D        | Reached skill level 4 in Unarmed Combat
    57 | D        | Reached XP level 2. HP: 31/31 MP: 1/1
    57 | D        | Reached XP level 3. HP: 37/37 MP: 2/2
   113 | D        | Killed a hellion
   122 | D        | Killed a hellion
   133 | D        | Killed a hellion
   185 | D        | Killed a white draconian scorcher
   197 | D        | Killed a hellion
   217 | D        | Killed a white draconian scorcher
   223 | D        | Gained mutation: Your spells are a little easier to cast, but a little less powerful. [potion of mutation]
   223 | D        | Gained mutation: You possess an exceptional clarity of mind. [potion of mutation]
   223 | D        | Gained mutation: Your muscles are strong. (Str +2) [potion of mutation]
   233 | D        | Noticed a water elemental
   243 | D        | Slain by a water elemental

Vault maps used:
D:        dungeon_sprint_mu

Skill      XL: |  1 |
---------------+----+-----
Fighting       | 3 |  3.8
Armour         | 1 |  1.7
Dodging        | 3 |  3.8
Stealth        | 2 |  2.3
Unarmed Combat | 4 |  4.7

Action                   || total
-------------------------++-------
Melee: Unarmed           ||    39
       Punch             ||     1
  Use: Scroll            ||     3
       Potion            ||     3
 Stab: Sleeping          ||     2
  Eat: Chunk             ||     7
Armor: Robe              ||     6
Dodge: Dodged            ||    20
